 Dungeon Crawl Stone Soup version 0.29-a0-664-gff9cad4a3d (webtiles) character file.

Game seed: 8535760326378585431

13275 sammy202020 the Fighter (level 11, -3/94 HPs)
             Began as a Minotaur Fighter on June 22, 2022.
             Was a Priest of Hepliaklqana.
             Succumbed to zeratav's ghost's poison
             ... on level 11 of the Dungeon.
             The game lasted 00:20:19 (12916 turns).

sammy202020 the Fighter (Minotaur Fighter)         Turns: 12916, Time: 00:20:20

Health: -3/94      AC: 28    Str: 25    XL:     11   Next: 73%
Magic:  7/11       EV:  9    Int:  8    God:    Hepliaklqana [***...]
Gold:   159        SH:  8    Dex:  9    Spells: 10/10 levels left

rFire   . . .      SeeInvis +   a - +2 war axe
rCold   . . .      Faith    .   c - +2 buckler
rNeg    . . .      Spirit   +   H - +9 plate armour "Ceomogro" {Will+}
rPois   +          Reflect  .   (helmet restricted)
rElec   .          Harm     .   v - +2 cloak
rCorr   .          Rampage  +   (no gloves)
Will    +....                   E - +0 pair of boots {rampage}
Stlth   ..........              q - amulet of guardian spirit
HPRegen 0.25/turn               h - ring of poison resistance
MPRegen 0.12/turn               i - ring of see invisible

@: lethally poisoned (-3 -> -21), on berserk cooldown
A: reduced essence, horns 2, retaliatory headbutt, high MP 1, strong 1
a: Renounce Religion, Recall Ancestor, Ancestor Identity, Transference


You were on level 11 of the Dungeon.
You worshipped Hepliaklqana.
Hepliaklqana was most pleased with you.
You visited 2 branches of the dungeon, and saw 12 of its levels.
You visited 1 bazaar.

You collected 635 gold pieces.
You spent 476 gold pieces at shops.

Inventory:

Hand Weapons
 a - a +2 war axe (weapon)
 d - a +2 morningstar of draining
 e - a +0 flail
Missiles
 b - a throwing net
 n - 11 boomerangs (quivered)
 o - 3 silver javelins
Armour
 c - a +2 buckler (worn)
 m - a +0 plate armour
 v - a +2 cloak (worn)
 E - a +0 pair of boots of rampaging (worn)
 H - the +9 plate armour "Ceomogro" (worn) {Will+}
   (You bought it in a shop on level 1 of the Dungeon)

   Will:      It increases your willpower.
Jewellery
 h - a ring of poison resistance (left hand)
 i - a ring of see invisible (right hand)
 j - a +4 ring of protection
 q - an amulet of guardian spirit (around neck)
 y - a ring of flight
 B - a ring of protection from fire
 I - a +4 ring of evasion
Wands
 s - a wand of flame (8)
 t - a wand of light (13)
 w - a wand of iceblast (17)
Scrolls
 p - 2 scrolls of poison
 u - 4 scrolls of teleportation
 C - a scroll of silence
 D - a scroll of summoning
 F - a scroll of fog
Potions
 x - 2 potions of attraction
 A - 2 potions of brilliance


   Skills:
 * Level 12.6 Fighting
 * Level 12.4 Axes
 + Level 9.5 Armour
 + Level 7.8 Dodging
 + Level 9.3 Shields


You had 10 spell levels left.
You didn't know any spells.
Your spell library contained the following spells:

 Spells                   Type           Power      Damage    Failure   Level
 Freeze                   Ice            0%         1d3       99%         1
 Magic Dart               Conj           0%         1d3       99%         1
 Summon Small Mammal      Summ           0%         N/A       99%         1
 Searing Ray              Conj           0%         2d4       100%        2
 Sublimation of Blood     Necr           0%         N/A       100%        2
 Wereblood                Tmut           0%         N/A       100%        2
 Call Canine Familiar     Summ           0%         N/A       100%        3
 Dazzling Flash           Conj/Hex       0%         N/A       100%        3
 Frozen Ramparts          Ice            0%         1d2       100%        3
 Summon Guardian Golem    Hex/Summ       0%         N/A       100%        3
 Fulminant Prism          Conj/Hex       0%         3d6       100%        4
 Hailstorm                Conj/Ice       0%         3d3       100%        4
 Iskenderun's Mystic Bla  Conj/Tloc      0%         2d3       100%        4
 Starburst                Conj/Fire      0%         6d3       100%        6
 Summon Hydra             Summ           0%         N/A       100%        7


Dungeon Overview and Level Annotations

Branches:
Dungeon (11/15)            Temple (1/1) D:6            Lair (0/6) D:10
    Orc: D:9-12

Altars:
Ashenzari
Cheibriados
Dithmenos
Elyvilon
Fedhas
Gozag
Hepliaklqana
Kikubaaqudgha
Makhleb
Nemelex Xobeh
Okawaru
Qazlal
Ru
Sif Muna
Trog
Uskayaw
Vehumet
Wu Jian
Xom
Yredelemnul
Zin
The Shining One

Shops:
D:1 ([(=   D:5 *   D:9 :

Annotations:
D:11 1 transporter, zeratav's ghost, journeyman OgVM


Innate Abilities, Weirdness & Mutations

Your life essence is reduced to manifest your ancestor. (-10% HP)
You have a pair of horns on your head.
You reflexively headbutt those who attack you in melee.
You have an increased reservoir of magic. (+10% MP)
Your muscles are strong. (Str +4, Int/Dex-1)


Message History

You feel magically purged.
You feel less invigorated.
You feel yourself speed up.
You feel yourself slow down.
You float gracefully downwards.
You feel less confused.
You feel a little less clever now.
Your resistance to elements expires.
* * * LOW HITPOINT WARNING * * *
You feel very sick. Zeratav's ghost closely misses you.
You hit zeratav's ghost. Your headbutt misses zeratav's ghost.
Zeratav's ghost is heavily damaged.
* * * LOW HITPOINT WARNING * * *
You feel very sick.
Zeratav's ghost's toxic aura wanes.
You block zeratav's ghost's attack.
Okay, then.
Okay, then.
You hit zeratav's ghost.
Zeratav's ghost is heavily damaged.
* * * LOW HITPOINT WARNING * * *
You feel very sick.
Zeratav's ghost gestures at you while chanting.
The sting hits you but does no damage.
You are more poisoned.
You hit zeratav's ghost but do no damage.
Zeratav's ghost is heavily damaged.
* * * LOW HITPOINT WARNING * * *
You feel very sick.
You slash zeratav's ghost! Your headbutt misses zeratav's ghost.
Zeratav's ghost is severely damaged.
* * * LOW HITPOINT WARNING * * *
You feel very sick.
Zeratav's ghost hits you but does no damage.
You hit zeratav's ghost but do no damage.
Zeratav's ghost is severely damaged.
* * * LOW HITPOINT WARNING * * *
You feel sick. Zeratav's ghost hits you.
* * * LOW HITPOINT WARNING * * *
You are more poisoned.
You hit zeratav's ghost but do no damage.
Zeratav's ghost is severely damaged.
You die...

##.#.......####....###...#
...#..##..##.#≈#..## ##..#
...#..##..#.###$?$≈#..#..#
...#..##..#©...._.##..#..#
...#..##..#...#.......#..#
...#..##..##.y#≈.)...##..#
...#..##...#..###)...#...#
##.#..##...###.#W...##...#
#....##....###[@.###....#
#....##......#####....#.#
#....###.##....©....###.#
#.#..###...........####.#
##.#.>...................#
.....#####################
##.#.# .#.#.# .#.#.#
##############


You could see zeratav's ghost.

Vanquished Creatures
  A hydra (D:11)
  A boulder beetle (D:8)
  3 two-headed ogres
  A tengu warrior (D:11)
  Pikel (D:9)
  A moth of wrath (D:11)
  An ugly thing (D:11)
  Maurice (D:8)
  2 gargoyles (D:11)
  Maggie (D:6)
  A komodo dragon (D:11)
  A kobold demonologist (D:11)
  2 trolls (D:11)
  A wyvern (D:8)
  A wraith (D:11)
  A vampire (D:11)
  A steam dragon (D:6)
  A basilisk (D:9)
  6 yaks (D:10)
  2 vampire mosquitoes (D:11)
  An acid dragon (D:8)
  4 ice beasts
  2 sky beasts
  6 orc warriors
  A black bear (D:4)
  An ogre (D:6)
  2 centaurs
  A phantom (D:5)
  3 lemures (D:9)
  2 bullfrogs
  4 scorpions
  11 wights
  12 killer bees
  5 orc priests
  3 hounds
  3 jellies
  2 iguanas
  9 orc wizards
  7 gnolls
  6 adders
  A shadow imp (D:6)
  2 worms
  2 dart slugs (D:4)
  46 orcs
  10 ball pythons
  4 bats
  4 endoplasms
  4 giant cockroaches
  6 goblins
  13 hobgoblins
  12 kobolds
  A quokka (D:4)
  6 frilled lizards
  7 rats
233 creatures vanquished.

Vanquished Creatures (collateral kills)
  A wraith (D:10)
  A vampire mosquito (D:11)
  A kobold brigand (D:9)
  A gnoll sergeant (D:9)
  A wight (D:8)
  2 killer bees
  An orc wizard (D:8)
  A gnoll (D:9)
  2 orcs (D:8)
  A goblin (D:9)
  A kobold (D:9)
13 creatures vanquished.

Vanquished Creatures (others)
  2 hexers
  An ancestor (D:8)
  3 gnolls (D:6)
  3 orcs (D:6)
9 creatures vanquished.

Grand Total: 255 creatures vanquished

Notes
Turn   | Place    | Note
-------+----------+-------------------------------------------
     0 | D:1      | sammy202020 the Minotaur Fighter began the quest for the
                  | Orb.
     0 | D:1      | Reached XP level 1. HP: 19/19 MP: 0/0
    79 | D:1      | Found Noigrivva's Antique Armour Shop.
   157 | D:1      | Found Porr's Jewellery Emporium.
   175 | D:1      | Found Haitwuoq's Weapon Shop.
   255 | D:1      | Reached XP level 2. HP: 27/27 MP: 1/1
   281 | D:1      | Found Ziluujer's Weapon Shoppe.
   985 | D:2      | Reached skill level 1 in Dodging
   985 | D:2      | Reached XP level 3. HP: 32/33 MP: 2/2
  1735 | D:3      | Reached XP level 4. HP: 27/41 MP: 1/3
  2089 | D:3      | Found a shimmering altar of Xom.
  2116 | D:3      | Reached XP level 5. HP: 37/47 MP: 1/4
  2243 | D:3      | Reached skill level 5 in Fighting
  2905 | D:4      | Reached XP level 6. HP: 29/56 MP: 2/5
  3260 | D:4      | Reached skill level 5 in Axes
  3334 | D:4      | Found the +7 Throatcutter {drain, coup de grace}
  3502 | D:4      | Reached XP level 7. HP: 61/63 MP: 6/6
  3725 | D:4      | Found a sparkling altar of Nemelex Xobeh.
  3961 | D:4      | Found a radiant altar of Vehumet.
  4001 | D:5      | Entered Level 5 of the Dungeon
  4070 | D:5      | Reached skill level 5 in Armour
  4070 | D:5      | Reached skill level 5 in Shields
  4112 | D:5      | Found Qaisom's Assorted Antiques.
  4248 | D:5      | Found a shimmering blue altar of Sif Muna.
  5000 | D:6      | Noticed Maggie
  5017 | D:6      | Reached XP level 8. HP: 73/73 MP: 4/7
  5027 | D:6      | Killed Maggie
  5422 | D:6      | Found a staircase to the Ecumenical Temple.
  5446 | Temple   | Entered the Ecumenical Temple
  5535 | Temple   | Became a worshipper of Hepliaklqana the Forgotten
  5978 | D:6      | Reached XP level 9. HP: 76/82 MP: 8/8
  6521 | D:7      | Reached * piety under Hepliaklqana
  7044 | D:7      | Found a bloodstained altar of Trog.
  7248 | D:7      | Identified the amulet "Sofivo" {RegenMP Harm rF+++ Will-
                  | Str+3}
  7394 | D:8      | Reached skill level 5 in Dodging
  7669 | D:8      | Found a transporter.
  7670 | D:8      | Found a transporter.
  7670 | D:8      | Noticed a boulder beetle
  7771 | D:8      | HP: 3/74 [boulder beetle (8)]
  7778 | D:8      | Killed a boulder beetle
  8432 | D:8      | Reached skill level 10 in Fighting
  8432 | D:8      | Reached XP level 10. HP: 76/83 MP: 7/9
  8524 | D:8      | Noticed Maurice
  8551 | D:8      | Killed Maurice
  8554 | D:8      | Reached skill level 10 in Axes
  9130 | D:9      | Reached ** piety under Hepliaklqana
  9132 | D:9      | Remembered your ancestor Takurtum as a hexer
  9202 | D:9      | Noticed Pikel
  9221 | D:9      | Killed Pikel
  9522 | D:9      | Found a flagged portal.
  9733 | D:9      | Found Ynovvaal's Self-Improvement Boutique.
 10071 | D:1      | Bought a spiked plate armour for 476 gold pieces
 10071 | D:1      | Identified the +9 plate armour "Ceomogro" {Will+} (You
                  | bought it in a shop on level 1 of the Dungeon)
 10086 | D:1      | Gained mutation: Your muscles are strong. (Str +4,
                  | Int/Dex-1) [potion of mutation]
 10086 | D:1      | Gained mutation: You have an increased reservoir of magic.
                  | (+10% MP) [potion of mutation]
 10288 | D:10     | Entered Level 10 of the Dungeon
 10670 | D:10     | Noticed a two-headed ogre
 10773 | D:10     | Found a sacrificial altar of Ru.
 10839 | D:10     | Found a staircase to the Lair.
 10961 | D:10     | Killed a two-headed ogre
 10962 | D:10     | Reached XP level 11. HP: 49/91 MP: 7/11
 11352 | D:11     | Reached *** piety under Hepliaklqana
 11748 | D:11     | Found a flickering gateway to a bazaar.
 11759 | Bazaar   | Entered a bazaar
 11767 | Bazaar   | Found Onuittidgh's Antique Armour Shop.
 11780 | Bazaar   | Found Cyrel's Book Shop.
 11930 | D:11     | Found a transporter.
 11931 | D:11     | Found a bloodstained altar of Trog.
 11931 | D:11     | Noticed a two-headed ogre
 11931 | D:11     | Noticed zeratav's ghost (journeyman OgVM)
 11933 | D:11     | Noticed a tengu warrior
 11938 | D:11     | Found a transporter.
 11945 | D:11     | Noticed a two-headed ogre
 12237 | D:11     | Noticed a two-headed ogre
 12241 | D:11     | Killed a two-headed ogre
 12311 | D:11     | Noticed a six-headed hydra
 12318 | D:11     | Killed a six-headed hydra
 12638 | D:11     | Noticed a cyan ugly thing
 12645 | D:11     | Killed a cyan ugly thing
 12886 | D:11     | Killed a tengu warrior
 12891 | D:11     | Killed a two-headed ogre
 12914 | D:11     | HP: 4/94 [poisoned by zeratav's ghost (sting)]
 12916 | D:11     | Succumbed to zeratav's ghost's poison

Illustrated notes

Levels and vault maps discovered:
D:1:      mainiacjoe_arrival_reflecting_pool, layout_rooms, serial_shops, shop,
          nicolae_shop_stone, nicolae_shop_statue_plus,
          nicolae_shop_hallway_plus
D:2:      layout_loops_ring, kennysheep_flooded_box
D:3:      layout_basic, lemuel_round_altar
D:4:      layout_loops_corners, kennysheep_mini_moat, lemuel_doored_altar,
          grunt_ministairs_13, nrook_campfire
D:5:      wander_river, layout_gridville, lemuel_blue_sif_altar, serial_shops,
          shop, grunt_ministairs_12
D:6:      layout_basic, minmay_temple_entry_glassed_door,
          kennysheep_generic_room_5, uniq_maggie
D:7:      layout_basic, lemuel_tele_altar
D:8:      gammafunk_boulding_lane, layout_rooms, chequers_serial_rivers_micro_e,
          uniq_maurice
D:9:      layout_roguey, enter_bailey_5, nicolae_shop_self_help, uniq_pikel
D:10:     layout_roguey, nicolae_ru_awakened_eye, lair_entry_dummy,
          minmay_misc_feat_more_columns
D:11:     layout_basic, serial_shops, bzr_entry_lakeside,
          gammafunk_ghost_wrathful_warriors
Temple:   nicolae_temple_x_marks_the_god

Skill      XL: |  1  2  3  4  5  6  7  8  9 10 11 |
---------------+----------------------------------+-----
Fighting       | 4 5 6 7 8 10 11 12 | 12.6
Axes           | 3 4 5 6 7 9 11 12 | 12.4
Dodging        | 1 2 3 4 5 6 7 |  7.8
Armour         | 4 5 6 7 8 9 |  9.5
Shields        | 4 5 6 7 8 9 |  9.3

Action                   |  1- 3 |  4- 6 |  7- 9 | 10-12 || total
-------------------------+-------+-------+-------+-------++-------
Melee: War axe           |    89 |   113 |   253 |   212 ||   667
       Headbutt          |    15 |    13 |    48 |    45 ||   121
       Morningstar       |       |       |       |     4 ||     4
Throw: Boomerang         |       |       |     1 |       ||     1
Invok: Ancestor Identity |       |       |     1 |     1 ||     2
       Ancestor Life: He |       |       |       |     1 ||     1
  Use: Scroll            |     6 |     2 |     7 |     7 ||    22
       Potion            |       |     1 |     9 |     9 ||    19
 Stab: Distracted        |       |       |     1 |     1 ||     2
       Confused          |       |       |       |     2 ||     2
Armor: Scale mail        |    32 |       |       |       ||    32
       Plate armour      |    24 |    80 |   208 |   155 ||   467
Dodge: Dodged            |    32 |    36 |    82 |    97 ||   247
Block: Buckler           |    20 |    28 |    96 |    84 ||   228

Table legend: (Time is in decaauts)
 A = Elapsed time spent in this place.
 B = Non-inter-level travel time spent in this place.
 C = Inter-level travel time spent in this place.
 D = Time resting spent in this place.
 E = Time spent auto-exploring this place.
 F = Levels seen in this place.
 G = Mean time per level.
                   A        B        C        D        E       F      G
               +--------+--------+--------+--------+--------+-----+--------+
         Total |  13048 |  12605 |    443 |    754 |   9651 |  13 | 1003.7 |
       Dungeon |  12871 |  12428 |    443 |    754 |   9568 |  11 | 1170.1 |
        Temple |    104 |    104 |      0 |      0 |     44 |   1 |  104.0 |
        Bazaar |     72 |     72 |      0 |      0 |     39 |   1 |   72.0 |
               +--------+--------+--------+--------+--------+-----+--------+

Top non-repeatable levels by time:
     D:8: 1565 daAuts
    D:11: 1495 daAuts
     D:6: 1344 daAuts
     D:4: 1332 daAuts
     D:3: 1164 daAuts
     D:7: 1100 daAuts
     D:5: 1074 daAuts
    D:10: 1056 daAuts
     D:9: 1007 daAuts
     D:2: 892 daAuts
     D:1: 837 daAuts
  Temple: 104 daAuts
  Bazaar: 72 daAuts
